 Dungeon Crawl Stone Soup version 0.31-a0-182-gc5ef74bbde (webtiles) character file.

Game seed: 10144262254751695442

9 Moral the Sneak (level 2, -1/16 HPs)
             Began as a Vine Stalker Delver on June 20, 2023.
             Slain by an iguana (8 damage)
             ... on level 5 of the Dungeon.
             The game lasted 00:01:53 (118 turns).

Moral the Sneak (Vine Stalker Delver)                Turns: 118, Time: 00:01:58

Health: -1/16      AC:  3    Str: 14    XL:     2   Next: 16%
Magic:  0/3        EV: 11    Int: 10    God:
Gold:   0          SH:  0    Dex: 15    Spells: 2/2 levels left

rFire   . . .        g - +0 morningstar
rCold   . . .        (no shield)
rNeg    . . .        a - +0 leather armour
rPois   .            (no helmet)
rElec   .            (no cloak)
rCorr   .            (no gloves)
SInv    .            (no boots)
Will    .....        (no amulet)
Stlth   +++          (no ring)
HPRegen 0.22/turn    (no ring)
MPRegen 0.08/turn

%: guardian spirit
@: no status effects
A: fangs 2, magic shield, antimagic bite, no potion heal 2
a: no special abilities


You were on level 5 of the Dungeon.
You visited 1 branch of the dungeon, and saw 2 of its levels.

Inventory:

Hand Weapons
 g - a +0 morningstar (weapon)
Armour
 a - a +0 leather armour (worn)
Wands
 f - a wand of digging (3)
Scrolls
 b - a scroll of fog
 c - a scroll of revelation
 d - a scroll of fear
Potions
 e - a potion of haste


   Skills:
 + Level 2.8 Fighting
 + Level 0.4 Maces & Flails
 + Level 1.7 Dodging
 + Level 6.1 Stealth
 - Level 2.0 Unarmed Combat
 + Level 0.5 Spellcasting


You had 2 spell levels left.
You didn't know any spells.
Your spell library was empty.

Dungeon Overview and Level Annotations

Branches:
Dungeon (5/15)
 Temple: D:4-7

Altars:


Innate Abilities, Weirdness & Mutations

You have extremely sharp teeth.
When hurt, damage is shared between your health and your magic reserves.
Your bite disrupts and absorbs the magic of your enemies.
Potions cannot restore your health.


Message History

You see here a +0 morningstar.
g - a +0 morningstar
There is a stone staircase leading up here.
You climb upwards.
There is a stone staircase leading down here.
g - a +0 morningstar (weapon)
The adder hisses angrily.
You barely miss the adder. Your bite misses the adder.
The adder barely misses you. The adder bites you but does no damage.
You barely miss the adder. You bite the adder. You drain its power.
The adder is lightly wounded.
The adder bites you.
You are poisoned.
The adder poisons you! The adder barely misses you.
You sock the adder!
You kill the adder!
You feel sick.
You have reached level 2!
You start resting.
You feel sick. x3
You are no longer poisoned.
You start resting.
Magic restored.
There is a stone staircase leading down here.
A scorpion comes into view.
A scorpion is nearby!
There is a stone staircase leading down here.
The scorpion stings you.
You climb downwards.
You hear the sound of rushing water.
There is an entrance to a sewer on this level.
Hurry and find it before the portal rusts away!
You hear the slow rusting of a very distant drain.
The iguana barely misses you.
There is a stone staircase leading up here.
You puncture the iguana! You bite the iguana, but do no damage.
The iguana is heavily wounded.
The iguana bites you!
Ouch! That really hurt!
The iguana bites you!
Ouch! That really hurt!
You die...

....#.#...#...#.#
#................
#...............#
...............##
#...............
.#.....#......###
......>..........
.#.#...#l..#....
#..l#@....... ..
#...##l.##.##
.....#.l#........
.....#...........
...............##
#....#.........#
#......#...#...###
######.....#......
........!.......


You could see 2 iguanas.

Vanquished Creatures
  An adder (D:4)
1 creature vanquished.

Notes
Turn   | Place    | Note
-------+----------+-------------------------------------------
     0 | D:5      | Moral the Vine Stalker Delver began the quest for the Orb.
     0 | D:5      | Reached XP level 1. HP: 11/11 MP: 2/2
     5 | D:5      | Noticed an iguana
    11 | D:5      | Noticed an iguana
    17 | D:5      | Upgraded the game from 0.31-a0-180-g519b7de00c to
                  | 0.31-a0-182-gc5ef74bbde
    30 | D:4      | Reached XP level 2. HP: 12/16 MP: 1/3
    91 | D:4      | Noticed a scorpion
   118 | D:5      | Slain by an iguana

Illustrated notes

Levels and vault maps discovered:
D:4:      layout_basic, zin_angel, uniq_eustachio
D:5:      minmay_razor_zed, layout_basic, lightli_sewer_entry_pipes,
          uniq_menkaure

Action                     || total
---------------------------++-------
  Melee: Morningstar       ||     4
         Bite              ||     2
 Armour: Leather armour    ||     1
  Dodge: Dodged            ||     3

Table legend: (Time is in decaauts)
 A = Elapsed time spent in this place.
 B = Non-inter-level travel time spent in this place.
 C = Inter-level travel time spent in this place.
 D = Time resting spent in this place.
 E = Time spent auto-exploring this place.
 F = Levels seen in this place.
 G = Mean time per level.
                   A        B        C        D        E       F      G
               +--------+--------+--------+--------+--------+-----+--------+
         Total |    119 |    119 |      0 |     24 |     33 |   2 |   59.5 |
       Dungeon |    119 |    119 |      0 |     24 |     33 |   2 |   59.5 |
               +--------+--------+--------+--------+--------+-----+--------+

Top non-repeatable levels by time:
     D:4: 95 daAuts
     D:5: 23 daAuts
